 Dungeon Crawl Stone Soup version 0.16.2-12-gd0ad4c3 (webtiles) character file.

12129 Peloso the Blocker (level 11, -5/100 HPs)
             Began as a Minotaur Fighter on Oct 18, 2015.
             Was a High Priest of Okawaru.
             Slain by Snorg (23 damage)
             ... on level 2 of the Orcish Mines.
             The game lasted 00:56:01 (12665 turns).

Peloso the Blocker (Minotaur Fighter)              Turns: 12665, Time: 00:56:02

Health: -5/100     AC: 21    Str: 22    XL:     11   Next: 58%
Magic:  15/15      EV: 11    Int:  5    God:    Okawaru [*****.]
Gold:   1083       SH:  0    Dex: 12    Spells: 0 memorised, 10 levels left

rFire  . . .     SeeInvis .     a - +1 long sword
rCold  . . .     Clarity  .     h - +0 plate armour
rNeg   . . .     SustAb   .     (no shield)
rPois  .         Gourm    .     (helmet restricted)
rElec  .         Spirit   .     K - +1 cloak {MR+}
rCorr  .         Warding  .     F - +0 pair of gloves
rMut   .         Stasis   .     (no boots)
MR     +....                    q - amulet of faith
Stlth  ..........               (no ring)
                                n - ring of magical power

@: heroism, somewhat resistant to hostile enchantments, extremely unstealthy
A: retaliatory headbutt, horns 2
a: Heroism, Finesse, Renounce Religion


You were on level 2 of the Orcish Mines.
You worshipped Okawaru.
Okawaru was extremely pleased with you.
You were not hungry.

You visited 3 branches of the dungeon, and saw 15 of its levels.
You also visited: Ossuary.

You collected 1083 gold pieces.

Inventory:

Hand weapons
 a - a +1 long sword (weapon)
 s - a +2 hand axe of flaming
 C - the +2 longbow of Larghufru {flame, rElec rPois rF+ Int-2}
   (Okawaru gifted it to you on level 10 of the Dungeon)

   It causes projectiles fired from it to burn those they strike, causing extra
   injury to most foes and up to half again as much damage against particularly
   susceptible opponents.
   It affects your intelligence (-2).
   It protects you from fire.
   It insulates you from electricity.
   It protects you from poison.
 L - a +1 whip of flaming
Missiles
 e - 45 arrows
 k - 10 arrows of flame
Armour
 c - a +0 shield
 h - a +0 plate armour (worn)
 F - a +0 pair of gloves (worn)
 K - a +1 cloak of magic resistance (worn)
Jewellery
 n - a ring of magical power (left hand)
 q - an amulet of faith (around neck)
Magical devices
 B - a wand of teleportation (6)
 H - a wand of lightning (7)
Scrolls
 b - a scroll of blinking {unknown}
 f - 4 scrolls of teleportation
 i - a scroll of torment {unknown}
 l - a scroll of identify
 o - a scroll of enchant armour
 v - 4 scrolls of fear
 E - a scroll of remove curse
 M - a scroll of magic mapping
Potions
 g - 2 potions of magic
 j - 5 potions of agility
 m - 6 potions of haste
 p - 2 potions of curing
 x - 2 potions of flight
 G - 3 potions of ambrosia {unknown}
 I - 2 potions of invisibility {unknown}
 J - a potion of cure mutation {unknown}
Comestibles
 d - 15 bread rations
 t - 3 fruits
 A - 7 meat rations


   Skills:
 + Level 10.3(15.3) Fighting
 + Level 10.7(15.7) Long Blades
 + Level 1.4(6.4) Maces & Flails
 + Level 11.0(16.0) Armour
 + Level 4.5(9.5) Dodging
 + Level 1.3(6.3) Stealth
 + Level 12.3(17.3) Shields
 + Level 1.3 Invocations


You had 10 spell levels left.
You didn't know any spells.

Dungeon Overview and Level Annotations

Branches:
Dungeon (11/15)            Temple (1/1) D:7            Lair (0/8) D:8
    Orc (3/4) D:9
    Elf: Orc:3-4

Altars:
Ashenzari
Cheibriados
Dithmenos
Elyvilon
Fedhas
Gozag
Kikubaaqudgha
Makhleb
Okawaru
Qazlal
Sif Muna
Trog
Vehumet
Xom
Yredelemnul
Zin

Shops:
Orc:2 *

Annotations:
D:8 Joseph
Orc:2 Snorg


Innate Abilities, Weirdness & Mutations

You reflexively headbutt those who attack you in melee.
You have a pair of horns on your head.


Message History

Snorg barely misses you. You furiously retaliate!
You headbutt Snorg! Snorg closely misses you. x2
You slash Snorg! Your headbutt misses Snorg.
Snorg is moderately wounded.
Snorg bites you!!
* * * LOW HITPOINT WARNING * * *
Snorg claws you but does no damage. Snorg claws you!
* * * LOW HITPOINT WARNING * * *
You barely miss Snorg.
Snorg is moderately wounded.
Snorg barely misses you. You furiously retaliate!
You headbutt Snorg. Snorg barely misses you. x2
You hit Snorg.
Snorg is heavily wounded.
Snorg bites you but does no damage. Snorg barely misses you.
Snorg barely misses you.
You closely miss Snorg.
Snorg is heavily wounded.
Snorg bites you!!
You die...

#...#..[.###....#.......#..
##.......##..............#.
##.....................##.
##...............#...###..
##.....#.........#...#####.
#.....##...#...(......##...
###........#....(.....#.....
##...........#....(.........#
#.........%.@....(..[)...)..#
##........%>T#.......<)....##
##...##.......)......)#....#
####....###..............#....
##.##....##.........(......#...
#.......#.#..##...##....#..##.#
##........∩..###.###...##.)..##
##.###......#..## ##.####....#
#####...........## ### #.....#


You could see Snorg (berserk).

Vanquished Creatures
  Josephine (D:10)
  A hydra (D:11)
  Nergalle (Orc:2)
  An unseen horror (D:11)
  2 hill giants (D:11)
  Pikel (D:6)
  An ugly thing (D:11)
  3 trolls
  Grinder (D:3)
  A deep elf mage (D:10)
  A yak (D:8)
  A spriggan (D:8)
  6 wraiths
  A hippogriff (D:10)
  A deep elf fighter (D:8)
  2 slaves (D:6)
  An eye of draining (D:8)
  2 sky beasts
  8 orc warriors
  4 ogres
  A phantom (D:9)
  4 ice beasts
  A necrophage (D:8)
  7 centaurs
  5 giant frogs
  A big kobold (D:11)
  A wyvern skeleton (D:10)
  3 scorpions
  8 killer bees
  6 crimson imps
  A giant frog zombie (D:10)
  14 orc priests
  3 centaur zombies (Ossuary)
  3 hounds
  Crazy Yiuf (D:5)
  11 orc wizards
  A centaur skeleton (D:8)
  6 worker ants
  A giant frog skeleton (D:5)
  2 iguanas
  Ijyb (D:5)
  2 big kobold zombies (Ossuary)
  A hound zombie (D:6)
  2 hound skeletons (D:5)
  7 mummies
  Robin (D:2)
  A worker ant zombie (D:6)
  9 adders
  3 river rats (D:8)
  2 giant mites
  2 worms (D:3)
  An adder skeleton (D:4)
  4 giant geckos
  An ooze (D:1)
  87 orcs
  28 bats
  A bat skeleton (D:7)
  3 giant cockroaches
  24 hobgoblins
  11 jackals
  22 kobolds
  7 quokkas
  2 ball pythons
  6 giant newts
  A giant spore (D:11)
  26 goblins
  A goblin zombie (D:8)
  5 hobgoblin zombies (Ossuary)
  A jackal skeleton (D:6)
  4 orc zombies (Orc:3)
  A quokka skeleton (D:8)
  31 rats
  A spectral orc (D:2)
  5 ballistomycetes
  A fungus (D:5)
425 creatures vanquished.

Vanquished Creatures (others)
  A human (D:2)
  A centaur (D:11)
  An orc (Orc:3)
  3 giant spores
  2 fungi (D:8)
8 creatures vanquished.

Grand Total: 433 creatures vanquished

Notes
Turn   | Place    | Note
--------------------------------------------------------------
     0 | D:1      | Peloso, the Minotaur Fighter, began the quest for the Orb.
     0 | D:1      | Reached XP level 1. HP: 19/19 MP: 1/1
   146 | D:1      | Reached XP level 2. HP: 22/27 MP: 1/1
   227 | D:1      | Reached skill level 4 in Shields
   388 | D:1      | Reached XP level 3. HP: 33/33 MP: 2/2
   593 | D:2      | Found a shattered altar of Ashenzari.
   646 | D:2      | Found an ancient bone altar of Kikubaaqudgha.
   661 | D:2      | Noticed a human
   662 | D:2      | Killed a human
   689 | D:2      | Reached skill level 1 in Dodging
   759 | D:2      | Reached XP level 4. HP: 19/40 MP: 2/2
   901 | D:2      | Found a basalt altar of Yredelemnul.
  1429 | D:2      | Noticed Robin
  1441 | D:2      | Killed Robin
  1621 | D:3      | Reached XP level 5. HP: 34/46 MP: 2/2
  1720 | D:3      | Found a deep blue altar of Sif Muna.
  1822 | D:3      | Noticed Grinder
  1838 | D:3      | Killed Grinder
  1838 | D:3      | Reached skill level 5 in Armour
  1838 | D:3      | Reached skill level 5 in Shields
  1838 | D:3      | Reached XP level 6. HP: 33/53 MP: 3/3
  1842 | D:3      | Reached skill level 1 in Stealth
  2394 | D:4      | Reached skill level 5 in Fighting
  2394 | D:4      | Reached skill level 6 in Shields
  2505 | D:4      | Reached XP level 7. HP: 61/61 MP: 3/3
  3025 | D:5      | Entered Level 5 of the Dungeon
  3118 | D:5      | Reached skill level 5 in Long Blades
  3264 | D:5      | Noticed Ijyb
  3271 | D:5      | Killed Ijyb
  3271 | D:5      | Reached skill level 7 in Shields
  3636 | D:5      | Found a bloodstained altar of Trog.
  3842 | D:5      | Noticed Crazy Yiuf
  3846 | D:5      | Paralysed by Crazy Yiuf for 7 turns
  3853 | D:5      | Killed Crazy Yiuf
  3918 | D:5      | Reached XP level 8. HP: 35/70 MP: 3/3
  4112 | D:6      | Found a stormy altar of Qazlal.
  4449 | D:6      | Found an iron altar of Okawaru.
  4474 | D:6      | Noticed Pikel
  4488 | D:6      | Killed Pikel
  4488 | D:6      | Reached skill level 8 in Shields
  4504 | D:6      | Became a worshipper of Warmaster Okawaru
  5169 | D:7      | Found a staircase to the Ecumenical Temple.
  5185 | Temple   | Entered the Ecumenical Temple
  5278 | D:7      | Found a glowing silver altar of Zin.
  5302 | D:7      | Reached skill level 9 in Shields
  5364 | D:7      | Acquired Okawaru's first power
  5364 | D:7      | Reached XP level 9. HP: 75/79 MP: 4/4
  5370 | D:7      | Found a glowing silver altar of Zin.
  5371 | D:7      | Found a bloodstained altar of Trog.
  5634 | D:8      | Found a staircase to the Lair.
  5729 | D:8      | Reached skill level 10 in Shields
  5771 | D:8      | Found an opulent altar of Gozag.
  5771 | D:8      | Noticed Joseph
  6113 | D:8      | Found a sand-covered staircase.
  6126 | Ossuary  | Entered an ossuary
  6595 | D:9      | Found a staircase to the Orcish Mines.
  6948 | D:9      | Got a faintly humming leather armour
  7082 | D:9      | Reached skill level 11 in Shields
  7082 | D:9      | Reached XP level 10. HP: 88/88 MP: 4/4
  7260 | D:10     | Entered Level 10 of the Dungeon
  7785 | D:10     | Noticed Josephine
  7814 | D:10     | Killed Josephine
  7814 | D:10     | Acquired Okawaru's second power
  7819 | D:10     | Reached skill level 12 in Shields
  8012 | D:10     | Received a gift from Okawaru
  8016 | D:10     | Got a fine longbow {god gift}
  8315 | D:11     | Noticed a hill giant
  8331 | D:11     | HP: 1/90 [hill giant/giant club (4)]
  8332 | D:11     | Killed a hill giant
  8701 | D:11     | Identified the +2 leather armour of the Five Planets {+Inv Regen+ Int-3} (You found it on level 9 of the Dungeon)
  8716 | D:11     | Identified the +2 longbow of Larghufru {flame, rElec rPois rF+ Int-2} (Okawaru gifted it to you on level 10 of the Dungeon)
  8819 | D:11     | HP: 4/91 [something (8)]
  8829 | D:11     | Killed an unseen horror
  8829 | D:11     | Reached XP level 11. HP: 29/97 MP: 5/5
  9056 | D:11     | Noticed a five-headed hydra
  9078 | D:11     | Killed a five-headed hydra
  9078 | D:11     | Reached skill level 10 in Armour
  9499 | D:11     | Reached skill level 1 in Maces & Flails
  9516 | D:11     | Reached skill level 10 in Long Blades
  9853 | D:11     | Reached skill level 1 in Invocations
 10263 | D:11     | Noticed a hill giant
 10276 | D:11     | Killed a hill giant
 10591 | Orc:1    | Entered Level 1 of the Orcish Mines
 11228 | Orc:1    | Reached skill level 10 in Fighting
 11402 | Orc:2    | Found Khabb's General Store.
 11403 | Orc:2    | Found a burning altar of Makhleb.
 12077 | Orc:2    | Noticed Nergalle
 12185 | Orc:2    | Killed Nergalle
 12649 | Orc:3    | Noticed Snorg
 12665 | Orc:2    | Slain by Snorg

Action                   |  1- 3 |  4- 6 |  7- 9 | 10-12 || total
-------------------------+-------+-------+-------+-------++-------
Melee: Long sword        |   118 |   209 |   519 |   522 ||  1368
       Whip              |       |       |       |    22 ||    22
Invok: Heroism           |       |       |       |     6 ||     6
       Finesse           |       |       |       |     1 ||     1
  Use: Scroll            |       |     5 |    12 |    10 ||    27
       Potion            |       |       |     4 |     6 ||    10
  Eat: Chunk             |       |     5 |    11 |    18 ||    34
       Beef jerky        |       |       |     1 |       ||     1
       Pizza             |       |       |     1 |     1 ||     2
       Fruit             |       |       |     1 |     1 ||     2
